3A
ALASKAN BUSH PILOTS @ HOLY CITY HERONS
07/19/2055
 
TOP OF THE 1ST
Alaskan Bush Pilots batting - Pitching for Holy City Herons : RHP Henry Larson
Pitching: RHP Henry Larson
Batting: RHB Curt Lawson 0-0: Ball
1-0: Ball
2-0: SINGLE (Line Drive, 6MD, EV 97.5 MPH)
Batting: RHB Matt Taylor 0-0: Called Strike
0-1: Swinging Strike
0-2: Strikes out looking
Batting: RHB Justin Jacobson 0-0: Ball
1-0: Ball
2-0: Called Strike
2-1: Called Strike
2-2: Fielders Choice at 2nd, 5-4 (Groundball, 56S, EV 80.0 MPH)
Batting: SHB Ellis Oliver 0-0: Swinging Strike
0-1: SINGLE (Line Drive, 7S, EV 90.6 MPH)
Justin Jacobson to second
Runner from 2nd tries for 3rd, SAFE, no throw by LF
Batting: RHB Richard Murray 0-0: Ball
1-0: Ground out U3 (Groundball, 3, EV 81.9 MPH)
Top of the 1st over - 0 runs, 2 hits, 0 errors, 2 left on base; Alaskan 0 - Holy City 0
BOTTOM OF THE 1ST
Holy City Herons batting - Pitching for Alaskan Bush Pilots : LHP Cristián Colón
Pitching: LHP Cristián Colón
Batting: RHB Kjeld van den Burgt 0-0: Foul Ball, location: 2F
0-1: Swinging Strike
0-2: Ball
1-2: Ball
2-2: Ball
3-2: Ground out 6-3 (Groundball, 6, EV 97.5 MPH)
Batting: SHB Luis Flores 0-0: Ball
1-0: Ball
2-0: Ball
3-0: Called Strike
3-1: Foul Ball, location: 2F
3-2: Ground out U3 (Groundball, 3L, EV 101.2 MPH)
Batting: RHB Jesús Soto 0-0: Swinging Strike
0-1: Fly out, F7 (Flyball, 78S, EV 90.6 MPH)
Bottom of the 1st over - 0 runs, 0 hits, 0 errors, 0 left on base; Alaskan 0 - Holy City 0
TOP OF THE 2ND
Alaskan Bush Pilots batting - Pitching for Holy City Herons : RHP Henry Larson
Batting: RHB Pancho Becerra 0-0: Called Strike
0-1: Ball
1-1: Foul Ball, location: 2F
1-2: Strikes out swinging
Batting: RHB Jesse Gregg 0-0: Hit by Pitch
Batting: RHB Alan Rhodes 0-0: Called Strike
0-1: Ground out 6-3 (Groundball, 6S, EV 61.2 MPH)
Jesse Gregg to second
Batting: RHB Corey Nichols 0-0: Called Strike
0-1: Ball
1-1: Swinging Strike
1-2: Ball
2-2: Foul Ball, location: 2F
2-2: Ball
3-2: Foul Ball, location: 2F
3-2: Foul Ball, location: 2F
3-2: Base on Balls
Batting: RHB Curt Lawson 0-0: Ball
1-0: Foul Ball, location: 2F
1-1: Foul Ball, location: 2F
1-2: SINGLE (Flyball, 9LS, EV 90.0 MPH)
Jesse Gregg to third
Corey Nichols to second
Runner from 3rd tries for Home, SAFE, throw by RF to home
Batting: RHB Matt Taylor 0-0: Foul Ball, location: 2F
0-1: SINGLE (Groundball, 56D, EV 98.1 MPH)
Corey Nichols to third
Curt Lawson to second
Runner from 3rd tries for Home, SAFE, throw by LF to home
Batting: RHB Justin Jacobson 0-0: Called Strike
0-1: Foul Ball, location: 2F
0-2: Ball
1-2: Foul Ball, location: 2F
1-2: Strikes out looking
Top of the 2nd over - 2 runs, 2 hits, 0 errors, 2 left on base; Alaskan 2 - Holy City 0
BOTTOM OF THE 2ND
Holy City Herons batting - Pitching for Alaskan Bush Pilots : LHP Cristián Colón
Batting: RHB Carl Wilson 0-0: Hit by Pitch
Batting: LHB Pat Martin 0-0: Swinging Strike
0-1: 2-RUN HOME RUN (Flyball, 9LD, EV 99.4 MPH), Distance : 361 ft
Batting: RHB Bob Parkinson 0-0: DOUBLE (Line Drive, 7LS, EV 92.5 MPH)
Batting: LHB Wes Smith 0-0: Called Strike
0-1: Swinging Strike
0-2: Strikes out swinging
Batting: RHB Jorge Tapia 0-0: Ball
1-0: Ball
2-0: Ground out 6-3 (Groundball, 6, EV 86.9 MPH)
Batting: RHB Adrian Blake 0-0: Swinging Strike
0-1: Ground out 4-3 (Groundball, 4, EV 83.1 MPH)
Bottom of the 2nd over - 2 runs, 2 hits, 0 errors, 1 left on base; Alaskan 2 - Holy City 2
TOP OF THE 3RD
Alaskan Bush Pilots batting - Pitching for Holy City Herons : RHP Henry Larson
Batting: SHB Ellis Oliver 0-0: Called Strike
0-1: Called Strike
0-2: Foul Ball, location: 2F
0-2: Strikes out swinging
Batting: RHB Richard Murray 0-0: SINGLE (Groundball, 6MD, EV 97.5 MPH)
Batting: RHB Pancho Becerra 0-0: Ball
1-0: Fly out, F6 (Popup, 6MS, EV 68.8 MPH)
Batting: RHB Jesse Gregg 0-0: Ball
1-0: Called Strike
1-1: Swinging Strike
1-2: Fly out, F7 (Flyball, 7, EV 76.2 MPH)
Top of the 3rd over - 0 runs, 1 hit, 0 errors, 1 left on base; Alaskan 2 - Holy City 2
BOTTOM OF THE 3RD
Holy City Herons batting - Pitching for Alaskan Bush Pilots : LHP Cristián Colón
Batting: RHB Kjeld van den Burgt 0-0: Ball
1-0: Ball
2-0: SINGLE (Groundball, 56S, EV 74.4 MPH) (infield hit)
Batting: SHB Luis Flores 0-0: Fly out, F8 (Flyball, 8LD, EV 90.6 MPH)
Batting: RHB Jesús Soto 0-0: Ball
1-0: Ball
2-0: Called Strike
2-1: Ball
3-1: SINGLE (Flyball, 3D, EV 90.0 MPH)
Kjeld van den Burgt to second
Runner from 2nd tries for 3rd, OUT! 9-5
Batting: RHB Carl Wilson 0-0: Fly out, F9 (Flyball, 9LM, EV 95.6 MPH)
Bottom of the 3rd over - 0 runs, 2 hits, 0 errors, 1 left on base; Alaskan 2 - Holy City 2
TOP OF THE 4TH
Alaskan Bush Pilots batting - Pitching for Holy City Herons : RHP Henry Larson
Batting: RHB Alan Rhodes 0-0: Ball
1-0: Swinging Strike
1-1: Foul Ball, location: 2F
1-2: Strikes out looking
Batting: RHB Corey Nichols 0-0: Ball
1-0: Ball
2-0: Ground out 5-3 (Groundball, 56S, EV 77.5 MPH)
Batting: RHB Curt Lawson 0-0: Foul Ball, location: 2F
0-1: Ball
1-1: Ball
2-1: SINGLE (Line Drive, 5D, EV 98.8 MPH)
Batting: RHB Matt Taylor 0-0: Ball
1-0: Ball
2-0: Called Strike
2-1: Fly out, F7 (Flyball, 7S, EV 74.4 MPH)
Top of the 4th over - 0 runs, 1 hit, 0 errors, 1 left on base; Alaskan 2 - Holy City 2
BOTTOM OF THE 4TH
Holy City Herons batting - Pitching for Alaskan Bush Pilots : LHP Cristián Colón
Batting: LHB Pat Martin 0-0: Ball
1-0: Ball
2-0: Ball
3-0: Called Strike
3-1: SINGLE (Groundball, 4D, EV 98.1 MPH)
Batting: RHB Bob Parkinson 0-0: Ball
1-0: Called Strike
1-1: Foul Ball, location: 2F
1-2: Ball
2-2: Fly out, F8 (Flyball, 8RD, EV 95.0 MPH)
Batting: LHB Wes Smith 0-0: Ball
1-0: Ball
2-0: Called Strike
2-1: Called Strike
2-2: Strikes out swinging
Batting: RHB Jorge Tapia 0-0: Called Strike
0-1: Ball
1-1: Foul Ball, location: 2F
1-2: Foul Ball, location: 2F
1-2: Fly out, F8 (Flyball, 89M, EV 93.1 MPH)
Bottom of the 4th over - 0 runs, 1 hit, 0 errors, 1 left on base; Alaskan 2 - Holy City 2
TOP OF THE 5TH
Alaskan Bush Pilots batting - Pitching for Holy City Herons : RHP Henry Larson
Batting: RHB Justin Jacobson 0-0: Ball
1-0: Ground out 6-3 (Groundball, 6S, EV 93.1 MPH)
Batting: SHB Ellis Oliver 0-0: Called Strike
0-1: Ball
1-1: Ground out U3 (Groundball, 3, EV 95.6 MPH)
Batting: RHB Richard Murray 0-0: Ball
1-0: Ball
2-0: Ball
3-0: Called Strike
3-1: Base on Balls
Batting: RHB Pancho Becerra 0-0: Called Strike
0-1: Foul Ball, location: 2F
0-2: Fly out, F8 (Flyball, 8LD, EV 100.0 MPH)
Top of the 5th over - 0 runs, 0 hits, 0 errors, 1 left on base; Alaskan 2 - Holy City 2
BOTTOM OF THE 5TH
Holy City Herons batting - Pitching for Alaskan Bush Pilots : LHP Cristián Colón
Batting: RHB Adrian Blake 0-0: Ball
1-0: Fly out, F8 (Flyball, 8LD, EV 86.9 MPH)
Batting: RHB Kjeld van den Burgt 0-0: Called Strike
0-1: Ball
1-1: Called Strike
1-2: Ball
2-2: Ball
3-2: Strikes out swinging
Batting: SHB Luis Flores 0-0: Ball
1-0: Ball
2-0: Fly out, F9 (Flyball, 9, EV 91.2 MPH)
Bottom of the 5th over - 0 runs, 0 hits, 0 errors, 0 left on base; Alaskan 2 - Holy City 2
TOP OF THE 6TH
Alaskan Bush Pilots batting - Pitching for Holy City Herons : RHP Henry Larson
Batting: RHB Jesse Gregg 0-0: Foul Ball, location: 2F
0-1: Ball
1-1: Called Strike
1-2: Strikes out swinging
Batting: RHB Alan Rhodes 0-0: Ball
1-0: Ball
2-0: Fly out, F4 (Popup, 3S, EV 86.2 MPH)
Batting: RHB Corey Nichols 0-0: SINGLE (Groundball, 34D, EV 101.2 MPH)
Batting: RHB Curt Lawson 0-0: Ball
1-0: Ball
2-0: Ball
3-0: Called Strike
3-1: Called Strike
3-2: Foul Ball, location: 2F
3-2: Foul Ball, location: 2F
3-2: Foul Ball, location: 2F
3-2: Fly out, F9 (Flyball, 9LM, EV 95.0 MPH)
Top of the 6th over - 0 runs, 1 hit, 0 errors, 1 left on base; Alaskan 2 - Holy City 2
BOTTOM OF THE 6TH
Holy City Herons batting - Pitching for Alaskan Bush Pilots : LHP Cristián Colón
Batting: RHB Jesús Soto 0-0: Called Strike
0-1: Called Strike
0-2: Ball
1-2: Ball
2-2: Ball
3-2: Base on Balls
Batting: RHB Carl Wilson 0-0: Foul Ball, location: 2F
0-1: Ball
1-1: Called Strike
1-2: Ball
2-2: Foul Ball, location: 2F
2-2: Strikes out swinging
Batting: LHB Pat Martin 0-0: Called Strike
0-1: Foul Ball, location: 2F
0-2: Strikes out swinging
Batting: RHB Bob Parkinson 0-0: Ball
1-0: Hit by Pitch
Jesús Soto to second
Pitching: RHP Nicol Janse
Batting: LHB Wes Smith 0-0: Ball
1-0: Ball
2-0: Called Strike
2-1: Fly out, F8 (Flyball, 8RD, EV 85.0 MPH)
Bottom of the 6th over - 0 runs, 0 hits, 0 errors, 2 left on base; Alaskan 2 - Holy City 2
TOP OF THE 7TH
Alaskan Bush Pilots batting - Pitching for Holy City Herons : RHP Henry Larson
Pitching: RHP Simon Crosby
Batting: RHB Matt Taylor 0-0: SINGLE (Groundball, 6MD, EV 106.2 MPH)
Batting: RHB Justin Jacobson 0-0: Called Strike
0-1: Swinging Strike
0-2: Foul Ball, location: 2F
0-2: Foul Ball, location: 2F
0-2: Strikes out swinging
Batting: SHB Ellis Oliver 0-0: Called Strike
0-1: Ball
1-1: Swinging Strike
1-2: Ball
2-2: Ball
3-2: Base on Balls
Matt Taylor to second
Batting: RHB Richard Murray 0-0: Foul Ball, location: 2F
0-1: Foul Ball, location: 2F
0-2: Strikes out swinging
Batting: RHB Pancho Becerra 0-0: Ball
1-0: Ball
2-0: Called Strike
2-1: Called Strike
2-2: Strikes out swinging
Top of the 7th over - 0 runs, 1 hit, 0 errors, 2 left on base; Alaskan 2 - Holy City 2
BOTTOM OF THE 7TH
Holy City Herons batting - Pitching for Alaskan Bush Pilots : RHP Nicol Janse
Batting: RHB Jorge Tapia 0-0: Ball
1-0: Ball
2-0: Called Strike
2-1: Swinging Strike
2-2: Foul Ball, location: 2F
2-2: Foul Ball, location: 2F
2-2: Strikes out swinging
Batting: RHB Adrian Blake 0-0: Fly out, F8 (Flyball, 8LM, EV 83.1 MPH)
Batting: RHB Kjeld van den Burgt 0-0: Called Strike
0-1: Foul Ball, location: 2F
0-2: Foul Ball, location: 2F
0-2: SOLO HOME RUN (Flyball, 7LD, EV 96.9 MPH), Distance : 361 ft
Batting: SHB Luis Flores 0-0: Ball
1-0: Swinging Strike
1-1: Called Strike
1-2: Ground out 4-3 (Groundball, 4, EV 100.6 MPH)
Bottom of the 7th over - 1 run, 1 hit, 0 errors, 0 left on base; Alaskan 2 - Holy City 3
TOP OF THE 8TH
Alaskan Bush Pilots batting - Pitching for Holy City Herons : RHP Simon Crosby
Batting: RHB Jesse Gregg 0-0: SINGLE (Flyball, 6D, EV 92.5 MPH)
Pinch Hitting: LHB Ken Brady 0-0: Ball
1-0: Sac Bunt to 2L - play at first, batter OUT! 2-3
Jesse Gregg to second
Batting: RHB Corey Nichols 0-0: Ball
1-0: Foul Ball, location: 2F
1-1: Swinging Strike
1-2: Fly out, F8 (Flyball, 78S, EV 93.8 MPH)
Batting: RHB Curt Lawson 0-0: Ball
1-0: Foul Ball, location: 2F
1-1: Swinging Strike
1-2: Ball
2-2: Foul Ball, location: 2F
2-2: Fly out, F7 (Flyball, 78M, EV 91.9 MPH)
Top of the 8th over - 0 runs, 1 hit, 0 errors, 1 left on base; Alaskan 2 - Holy City 3
BOTTOM OF THE 8TH
Holy City Herons batting - Pitching for Alaskan Bush Pilots : RHP Nicol Janse
Now at 1B: Andrew Pollard
Now at 3B: Matt Taylor
Batting: RHB Jesús Soto 0-0: Ball
1-0: Swinging Strike
1-1: SINGLE (Groundball, 5D, EV 108.8 MPH)
Batting: RHB Carl Wilson 0-0: Ball
1-0: Fly out, F7 (Flyball, 78M, EV 90.0 MPH)
Batting: LHB Pat Martin 0-0: Called Strike
0-1: Ball
1-1: Ball
2-1: Foul Ball, location: 2F
2-2: 2-RUN HOME RUN (Flyball, 8RXD, EV 103.1 MPH), Distance : 438 ft
Pitching: RHP Chris Gray
Batting: RHB Bob Parkinson 0-0: Ball
1-0: Ball
2-0: Foul Ball, location: 2F
2-1: Ball
3-1: Reached on error, E5 (Groundball, 56, EV 81.9 MPH)
Batting: LHB Wes Smith 0-0: Called Strike
0-1: Ball
1-1: Grounds out, U3 (Groundball, 3L, EV 79.4 MPH)
Batting: RHB Jorge Tapia 0-0: Ball
1-0: Ball
2-0: SINGLE (Line Drive, 9LS, EV 87.5 MPH)
Bob Parkinson to third
Batting: RHB Adrian Blake 0-0: Called Strike
0-1: Fly out, F7 (Flyball, 7, EV 92.5 MPH)
Bottom of the 8th over - 2 runs, 3 hits, 1 error, 2 left on base; Alaskan 2 - Holy City 5
TOP OF THE 9TH
Alaskan Bush Pilots batting - Pitching for Holy City Herons : RHP Simon Crosby
Pitching: LHP Miguel Hernández
Batting: RHB Matt Taylor 0-0: Ball
1-0: Swinging Strike
1-1: Ground out 6-3 (Groundball, 6, EV 88.1 MPH)
Batting: RHB Justin Jacobson 0-0: Ball
1-0: Called Strike
1-1: Foul Ball, location: 2F
1-2: Foul Ball, location: 2F
1-2: Ball
2-2: DOUBLE (Line Drive, 78D, EV 100.6 MPH)
Batting: SHB Ellis Oliver 0-0: Called Strike
0-1: Called Strike
0-2: Ball
1-2: Foul Ball, location: 2F
1-2: Foul Ball, location: 2F
1-2: Strikes out swinging
Batting: RHB Richard Murray 0-0: Ball
1-0: Called Strike
1-1: Ball
Wild Pitch!
Justin Jacobson to third
2-1: Called Strike
2-2: Ball
3-2: Base on Balls
Batting: RHB Pancho Becerra 0-0: Called Strike
0-1: Foul Ball, location: 2F
0-2: Strikes out looking
Top of the 9th over - 0 runs, 1 hit, 0 errors, 2 left on base; Alaskan 2 - Holy City 5
Sunday, June 30th , 2024 - OOTP Baseball 23.10 Build 110